 Dungeon Crawl Stone Soup version 0.30.0-10-gfe55d96785 (webtiles) character file.

Game seed: 2515530243637834458

401 growler the Insei (level 6, -1/43 HPs)
             Began as a Merfolk Transmuter on May 14, 2023.
             Slain by an ice beast (14 damage)
             ... on level 4 of the Dungeon.
             The game lasted 00:10:55 (4292 turns).

growler the Insei (Merfolk Transmuter)              Turns: 4292, Time: 00:10:55

Health: -1/43      AC:  2    Str: 11    XL:     6   Next: 85%
Magic:  10/10      EV: 12    Int: 14    God:
Gold:   189        SH:  0    Dex: 14    Spells: 1/11 levels left

rFire   . .          .
                       - Unarmed
rCold   . . .        (no shield)
rNeg    . . .        a - +0 robe
rPois   .            (helmet currently unavailable)
rElec   .            (no cloak)
rCorr   .            (no gloves)
SInv    .            (boots currently unavailable)
Will    .....        (no amulet)
Stlth   +            (no ring)
HPRegen 0.27/turn    (no ring)
MPRegen 0.12/turn

%: no passive effects
@: appendages (expiring)
A: horns 2, (nimble swimmer 2), mertail
a: End Transformation


You were on level 4 of the Dungeon.
You had temporarily grown beastly horns.
You visited 1 branch of the dungeon, and saw 5 of its levels.

You collected 189 gold pieces.

Inventory:

Armour
 a - a +0 robe (worn)
 k - a +2 helmet
 q - the +3 pair of boots of the Jackalope {rN+ Regen+ rCorr Str-5 SInv}
   (You found it on level 4 of the Dungeon)

   Str:       It affects your strength (-5).
   rN:        It protects you from negative energy.
   SInv:      It lets you see invisible.
   Regen:     It increases your rate of health regeneration.
   rCorr:     It protects you from acid and corrosion.
Jewellery
 r - a ring of wizardry
Wands
 j - a wand of roots (15)
 l - a wand of digging (4)
Scrolls
 d - 3 scrolls of teleportation {unknown}
 f - a scroll of immolation {unknown}
 g - a scroll of noise
 m - a scroll of identify
 o - a scroll of fear {unknown}
 p - 2 scrolls of fog {unknown}
 s - a scroll of torment {unknown}
Potions
 b - a potion of berserk rage {unknown}
 c - 2 potions of curing
 e - 2 potions of attraction {unknown}
 h - 2 potions of flight {unknown}
 i - 2 potions of might {unknown}
 n - a potion of magic


   Skills:
 - Level 1.1 Fighting
 - Level 2.6 Dodging
 + Level 7.3 Unarmed Combat
 - Level 3.0 Spellcasting
 - Level 4.0 Transmutations


You had one spell level left.
You knew the following spells:

 Your Spells              Type           Power      Damage    Failure   Level
a - Beastly Appendage     Tmut           26%        N/A       4%          1
b - Wereblood             Tmut           13%        N/A       6%          2
c - Spider Form           Tmut/Pois      7%         N/A       28%         3
d - Ice Form              Ice/Tmut       7%         N/A       67%         4

Your spell library contained the following spells:

 Spells                   Type           Power      Damage    Failure   Level
 Blink                    Tloc           4%         N/A       32%         2
 Manifold Assault         Tloc           2%         N/A       91%         4
 Storm Form               Tmut/Air       3%         N/A       100%        7


Dungeon Overview and Level Annotations

Branches:
Dungeon (5/15)
 Temple: D:4-7

Altars:
Nemelex Xobeh

Shops:
D:3 :   D:4 *!*

Annotations:
D:5 2 transporters, dolemite99's ghost, novice DgRe


Innate Abilities, Weirdness & Mutations

You have temporarily grown beastly horns.
((You are very nimble when in or above water. (Stealth+, EV+, Speed+++)))
Your lower body shifts to a powerful aquatic tail in water.


Message History

You are poisoned.
The adder poisons you! The adder bites you but does no damage.
You hit the adder but do no damage. Your headbutt misses the adder.
You feel sick. The adder completely misses you.
You closely miss the adder.
You feel sick. The adder barely misses you.
You completely miss the adder.
You feel sick. The adder barely misses you.
You barely miss the adder.
You feel sick.
You are no longer poisoned.
The adder bites you but does no damage.
You hit the adder.
The adder is moderately wounded.
The adder bites you. The iguana barely misses you.
You barely miss the adder.
The adder is moderately wounded.
The yak bellows!
The adder closely misses you. The ice beast attacks as you move away!
The ice beast hits you. The ice beast freezes you.
The iguana closely misses you. The iguana attacks as you move away!
The iguana completely misses you.
The white imp shouts, "Flee, thou pox-marked spur-galled pumpion!"
The adder closely misses you. The ice beast attacks as you move away!
The ice beast hits you. The ice beast freezes you! The iguana bites you.
There is a stone staircase leading up here.
The ice beast hits you. The ice beast freezes you!
* * * LOW HITPOINT WARNING * * *
The iguana closely misses you.
You climb upwards.
Your transformation is almost over.
There is a stone staircase leading down here.
The iguana attacks as you move away! The iguana bites you!
* * * LOW HITPOINT WARNING * * *
There is an open door here.
It was a potion of curing.
You feel better. The ice beast closely misses you.
The iguana closely misses you.
As you read the scroll labelled KIEKENISEN, it crumbles to dust.
It is a scroll of identify.
n - a potion of magic The ice beast hits you.
The ice beast freezes you!
You die...

.......#.....>.#..#....#.......#.
###....+.......'..#....#.......#.
#....#..##..##..#....#.......#.
#....#..######..#...<##<###..##
###....#...#..##..#.....#####..##
......>#...#...#..#.....# #.....
.......#...#...#..#.....# #.....
.......#...'..lY÷.#.....# #.....
.......#..##..##@.#.....#####.###
.......#..##..###'####....###.###
.......#......#......#....#......
###....#......#......#....#......
# #....#......########....'......
# #....#......#...........#......
#....#.....÷#...........#...###
###....#......#.......#####...#..
.⌠#....#..##..'.......#.......#..


You could see an ice beast and an iguana.

Vanquished Creatures
  A phantom (D:4)
  An orc priest (D:3)
  2 orc wizards (D:3)
  7 gnolls
  9 adders
  2 worms
  2 dart slugs
  12 orcs
  5 endoplasms
  2 giant cockroaches
  10 hobgoblins
  7 quokkas
  2 ball pythons
  5 bats
  2 frilled lizards
  5 goblins
  4 kobolds
  10 rats
88 creatures vanquished.

Notes
Turn   | Place    | Note
-------+----------+-------------------------------------------
     0 | D:1      | growler the Merfolk Transmuter began the quest for the Orb.
     0 | D:1      | Reached XP level 1. HP: 15/15 MP: 3/3
   236 | D:1      | Reached XP level 2. HP: 21/21 MP: 5/5
   239 | D:1      | Learned a level 2 spell: Wereblood
   686 | D:2      | Reached XP level 3. HP: 26/26 MP: 4/6
   690 | D:2      | Learned a level 3 spell: Spider Form
  1037 | D:2      | Reached skill level 4 in Unarmed Combat
  1303 | D:2      | Reached XP level 4. HP: 32/32 MP: 2/8
  1828 | D:3      | Reached skill level 5 in Unarmed Combat
  1828 | D:3      | Reached XP level 5. HP: 12/37 MP: 9/9
  2429 | D:3      | Reached skill level 6 in Unarmed Combat
  2429 | D:3      | Reached XP level 6. HP: 29/43 MP: 10/10
  2589 | D:3      | Found Kiynetong's Book Boutique.
  3143 | D:4      | Found Zaq Qalu's General Store.
  3143 | D:4      | Found Iqoosho's Distillery.
  3143 | D:4      | Found Tabun's Assorted Antiques.
  3149 | D:4      | Learned a level 4 spell: Ice Form
  3220 | D:4      | Identified the +3 pair of boots of the Jackalope {rN+
                  | Regen+ rCorr Str-5 SInv}
  3472 | D:4      | Found a sparkling altar of Nemelex Xobeh.
  3577 | D:4      | Reached skill level 7 in Unarmed Combat
  4273 | D:5      | Entered Level 5 of the Dungeon
  4273 | D:5      | Noticed dolemite99's ghost (novice DgRe)
  4273 | D:5      | Found a transporter.
  4273 | D:5      | Found a transporter.
  4275 | D:5      | Noticed an ice beast
  4280 | D:5      | Noticed a yak
  4292 | D:4      | Slain by an ice beast

Illustrated notes

Levels and vault maps discovered:
D:1:      heliophobic_arrival_dark_side_of_the_moon, layout_rooms,
          minmay_rat_gold_closets
D:2:      layout_basic, hangedman_decor_points
D:3:      layout_basic, serial_shops, shop
D:4:      layout_gridville, nemelex_diamond_rough_becter, hex_tiny,
          nicolae_shop_distant_corner_stores
D:5:      layout_rooms, temple_fountains, gammafunk_ghost_arena

Skill      XL: |  1  2  3  4  5  6 |
---------------+-------------------+-----
Transmutations | 3 4 |  4.0
Unarmed Combat | 4 5 6 7 |  7.3
Spellcasting   | 3 |  3.0
Fighting       | |  1.1
Dodging        | |  2.6

Action                     |  1- 3 |  4- 6 || total
---------------------------+-------+-------++-------
  Melee: Unarmed           |   115 |   173 ||   288
         Headbutt          |    13 |    17 ||    30
         Punch             |     3 |     4 ||     7
   Cast: Beastly Appendage |    19 |    25 ||    44
         Wereblood         |     1 |     5 ||     6
         Spider Form       |     1 |     3 ||     4
    Use: Potion            |     1 |     1 ||     2
         Scroll            |       |     2 ||     2
   Stab: Sleeping          |     5 |       ||     5
 Armour: Robe              |    10 |    24 ||    34
         Skin              |    11 |     3 ||    14
  Dodge: Dodged            |    67 |   100 ||   167
